 Dungeon Crawl Stone Soup version 0.29.1-4-g47bece8355 (webtiles) character file.

Game seed: 7100058639160213305

131722 Peloso the Peltast (level 16, -4/149 HPs)
             Began as a Minotaur Fighter on Dec 10, 2022.
             Was a High Priest of Okawaru.
             Slain by a +6 vorpal long sword (7 damage)
             ... on level 1 of the Elven Halls on Dec 11, 2022.
             The game lasted 01:46:42 (42700 turns).

Peloso the Peltast (Minotaur Fighter)              Turns: 42700, Time: 01:46:43

Health: -4/149     AC: 27    Str: 34    XL:     16   Next: 55%
Magic:  18/18      EV: 13    Int: 12    God:    Okawaru [*****.]
Gold:   2429       SH: 31    Dex: 22    Spells: 15/15 levels left

rFire   . . .      SeeInvis .   a - +5 long sword "Arcanum" {elec, rF+ Int+7}
rCold   + . .      Faith    .   d - +2 tower shield {rC+}
rNeg    . . .      Spirit   .   q - +7 chain mail of Dogmatism {+Inv rPois rF- rCorr}
rPois   +          Reflect  +   J - -1 hat "Udwas" {Str+5}
rElec   .          Harm     .   (no cloak)
rCorr   +          Rampage  .   j - +2 pair of gloves "Ajirgh" {rCorr Dex+5}
Will    ++...                   r - +2 pair of boots {Fly}
Stlth   +.........              W - amulet of reflection
HPRegen 0.34/turn               h - ring of the Traitor {Fly Str+3 Dex+4 Stlth+}
MPRegen 0.16/turn               w - ring of willpower

@: flying
A: horns 2, retaliatory headbutt
a: Renounce Religion, Evoke Invisibility, Heroism, Finesse, Duel


You were on level 1 of the Elven Halls.
You worshipped Okawaru.
Okawaru was extremely pleased with you.
You visited 5 branches of the dungeon, and saw 24 of its levels.
You also visited: Ossuary and Ice Cave.

You collected 2771 gold pieces.
You spent 342 gold pieces at shops.

Inventory:

Hand Weapons
 a - the +5 long sword "Arcanum" (weapon) {elec, rF+ Int+7}
   (You found it on level 14 of the Dungeon)

   It occasionally discharges a powerful burst of electricity upon striking a
   foe.
   Int:       It affects your intelligence (+7).
   rF:        It protects you from fire.
 b - a +2 scimitar of flaming
 c - a +1 dagger of freezing
Armour
 d - a +2 tower shield of cold resistance (worn)
 e - a +1 plate armour of fire resistance
 j - the +2 pair of gloves "Ajirgh" (worn) {rCorr Dex+5}
   (Okawaru gifted it to you on level 15 of the Dungeon)

   Dex:       It affects your dexterity (+5).
   rCorr:     It protects you from acid and corrosion.
 q - the +7 chain mail of Dogmatism (worn) {+Inv rPois rF- rCorr}
   (You found it on level 1 of the Lair of Beasts)

   rF:        It makes you vulnerable to fire.
   rPois:     It protects you from poison.
   +Inv:      It lets you turn invisible.
   rCorr:     It protects you from acid and corrosion.
 r - a +2 pair of boots of flying (worn)
 J - the -1 hat "Udwas" (worn) {Str+5}
   (Okawaru gifted it to you on level 13 of the Dungeon)

   Str:       It affects your strength (+5).
Jewellery
 h - the ring of the Traitor (left hand) {Fly Str+3 Dex+4 Stlth+}
   (You found it on level 2 of the Dungeon)

   [ring of flight]

   Str:       It affects your strength (+3).
   Dex:       It affects your dexterity (+4).
   Fly:       It grants you flight.
   Stlth:     It makes you more stealthy.
 w - a ring of willpower (right hand)
 A - a ring of see invisible
 H - a ring of protection from cold
 O - a +6 ring of strength
 W - an amulet of reflection (around neck)
Wands
 f - a wand of paralysis (3)
 y - a wand of flame (11)
 N - a wand of digging (1)
Scrolls
 g - a scroll of acquirement {unknown}
 o - 4 scrolls of immolation
 p - 4 scrolls of noise
 C - 4 scrolls of poison
 E - 8 scrolls of teleportation
 K - 5 scrolls of fear
 L - 2 scrolls of blinking
 V - 3 scrolls of identify
Potions
 n - 11 potions of curing
 G - 6 potions of haste
 P - a potion of invisibility
 R - 3 potions of might
 T - 5 potions of heal wounds


   Skills:
 + Level 15.1 Fighting
 + Level 17.3 Long Blades
 + Level 3.6 Axes
 + Level 15.5 Armour
 + Level 7.2 Dodging
 + Level 3.3 Stealth
 + Level 20.6 Shields
 + Level 4.7 Invocations
 + Level 4.2 Evocations


You had 15 spell levels left.
You didn't know any spells.
Your spell library contained the following spells:

 Spells                   Type           Power      Damage    Failure   Level
 Foxfire                  Conj/Fire      0%         2x1d4     88%         1
 Magic Dart               Conj           0%         1d3       88%         1
 Shock                    Conj/Air       0%         1d3       88%         1
 Slow                     Hex            0%         N/A       88%         1
 Static Discharge         Conj/Air       0%         3-3/arc   95%         2
 Sublimation of Blood     Necr           0%         N/A       95%         2
 Wereblood                Tmut           0%         N/A       95%         2
 Confusing Touch          Hex            0%         N/A       99%         3
 Conjure Flame            Conj/Fire      0%         6-21      99%         3
 Gell's Gravitas          Tloc           0%         N/A       99%         3
 Ignite Poison            Fire/Tmut/Pois 0%         N/A       99%         3
 Inner Flame              Hex/Fire       0%         N/A       99%         3
 Lesser Beckoning         Tloc           0%         N/A       99%         3
 Mephitic Cloud           Conj/Pois/Air  0%         N/A       99%         3
 Swiftness                Air            0%         N/A       99%         3
 Teleport Other           Tloc           0%         N/A       99%         3
 Vampiric Draining        Necr           0%         2d6       99%         3
 Airstrike                Air            0%         2d(0-16)  100%        4
 Corpse Rot               Necr/Pois/Air  0%         N/A       100%        4
 Dispel Undead            Necr           0%         3d6       100%        4
 Flame Wave               Conj/Fire      0%         2d4       100%        4
 Hailstorm                Conj/Ice       0%         3d3       100%        4
 Ice Form                 Ice/Tmut       0%         N/A       100%        4
 Leda's Liquefaction      Hex/Erth       0%         N/A       100%        4
 Sticky Flame             Conj/Fire      0%         2d3       100%        4
 Borgnjor's Vile Clutch   Necr/Erth      0%         N/A       100%        5
 Freezing Cloud           Conj/Ice/Air   0%         6-21      100%        5
 Iskenderun's Battlesphe  Conj           0%         2d6       100%        5
 Lee's Rapid Deconstruct  Erth           0%         3d5*      100%        5
 Lightning Bolt           Conj/Air       0%         1d11      100%        5
 Dispersal                Tloc           0%         N/A       100%        6
 Iron Shot                Conj/Erth      0%         9d1       100%        6
 Statue Form              Tmut/Erth      0%         N/A       100%        6
 Disjunction              Tloc           0%         N/A       100%        8
 Chain Lightning          Conj/Air       0%         N/A       100%        9
 Fire Storm               Conj/Fire      0%         5d1       100%        9
 Shatter                  Erth           0%         3d5*      100%        9
 Call Imp                 Summ           Unusable   N/A       N/A         2
 Animate Dead             Necr           Unusable   N/A       N/A         4
 Summon Lightning Spire   Summ/Air       Unusable   N/A       N/A         4
 Death Channel            Necr           Unusable   N/A       N/A         6
 Simulacrum               Ice/Necr       Unusable   N/A       N/A         6
 Spellforged Servitor     Conj/Summ      Unusable   N/A       N/A         7
 Summon Hydra             Summ           Unusable   N/A       N/A         7

Dungeon Overview and Level Annotations

Branches:
Dungeon (15/15)            Temple (1/1) D:5            Lair (5/5) D:10
 Shoals (0/4) Lair:2        Snake (0/4) Lair:3        Slime (0/5) Lair:4
    Orc (2/2) D:11            Elf (1/3) Orc:2        Vaults (0/5) D:13
 Depths (0/4) D:15        Ossuary (visited)           IceCv (visited)

Altars:
Ashenzari
Cheibriados
Dithmenos
Fedhas
Gozag
Hepliaklqana
Kikubaaqudgha
Makhleb
Nemelex Xobeh
Okawaru
Qazlal
Ru
Trog
Uskayaw
Vehumet
Wu Jian
Xom
Yredelemnul
The Shining One

Shops:
D:7 *   D:12 *   D:15 (=:=   Orc:2 =![(:**=

Annotations:
Lair:1 Casa


Innate Abilities, Weirdness & Mutations

You have a pair of horns on your head.
You reflexively headbutt those who attack you in melee.


Message History

You block the +1 halberd of protection's attack.
You block the +6 vorpal long sword's attack.
You block the +6 vorpal long sword's attack.
You block the +1 halberd of protection's attack.
You block the +6 vorpal long sword's attack.
You block the +1 halberd of protection's attack.
Things that are here:
a +1 short sword of venom; a +0 ring mail; an elf corpse You hit the +1 halberd of protection but do no damage.
You headbutt the +1 halberd of protection.
The +1 halberd of protection is heavily damaged.
You block the +6 vorpal long sword's attack.
The +1 halberd of protection hits you!
You slash the +1 halberd of protection!
Your headbutt misses the +1 halberd of protection.
The +1 halberd of protection is severely damaged.
You block the +6 vorpal long sword's attack.
The +1 halberd of protection hits you!!
* * * LOW HITPOINT WARNING * * *
You slash the +1 halberd of protection!
Your headbutt misses the +1 halberd of protection.
The +1 halberd of protection is almost destroyed.
You block the +6 vorpal long sword's attack.
You block the +1 halberd of protection's attack.
The +6 vorpal long sword hits you but does no damage.
You miss the +1 halberd of protection.
The +1 halberd of protection is almost destroyed.
You block the +1 halberd of protection's attack.
The +6 vorpal long sword hits you!
* * * LOW HITPOINT WARNING * * *
x2 You slice the +1 halberd of protection!!
The +1 halberd of protection falls from the air.
Okawaru accepts your kill.
You block the +6 vorpal long sword's attack.
You block the +6 vorpal long sword's attack.
The +6 vorpal long sword hits you!!
* * * LOW HITPOINT WARNING * * *
x2 You see here a +1 halberd of protection.
The +6 vorpal long sword hits you!
You die...

###+##+## ### +
........#...#
#.........#...#
#.. #..'...#
+..#####(.#####
#......@))#...#
#.........'..)#
#####'#####...#
#8≈≈≈≈≈≈≈8#...#
#≈≈≈≈≈≈≈≈≈#...#
#≈≈~~~~~~≈#...#
####.........#####
##..........#.#
##.............#


You could see a +6 vorpal long sword.

Vanquished Creatures
  Rupert (D:15)
  Kirke (D:14)
  Louise (D:14)
  2 orc warlords
  A reaper (IceCv)
  A deep elf demonologist (Elf:1)
  A deep elf annihilator (Elf:1)
  Azrael (D:14)
  A fire dragon (Lair:5)
  An ettin (D:15)
  10 hydras
  4 ogre magi (Orc:2)
  3 boulder beetles
  2 catoblepae
  A death knight (D:15)
  18 two-headed ogres
  2 centaur warriors
  A dancing weapon (Elf:1)
  3 death yaks (Lair:5)
  4 tengu warriors
  2 deep elf knights (Elf:1)
  5 skeletal warriors
  2 deep trolls (D:15)
  Lodul (D:11)
  6 deep elf archers (Elf:1)
  3 wizards
  A swamp dragon (Lair:5)
  A necromancer (D:13)
  2 lindwurms
  An orc knight (Orc:2)
  10 deep elf pyromancers
  9 deep elf zephyrmancers
  A phantasmal warrior (D:15)
  3 manticores
  A wolf spider (Lair:5)
  24 ugly things
  4 orc sorcerers
  5 cyclopes
  9 elephants
  An ice statue (IceCv)
  A guardian serpent (Lair:5)
  14 black mambas
  A gargoyle (D:12)
  13 cane toads
  5 orange demons (D:15)
  A torpor snail (Lair:2)
  Maggie (D:8)
  2 efreet
  11 komodo dragons
  An unseen horror (D:12)
  A freezing wraith (D:15)
  A tengu conjurer (D:14)
  8 rime drakes
  2 anaconda simulacra (IceCv)
  2 red devils (D:15)
  3 trolls
  A polar bear (Lair:1)
  4 hornets
  9 blink frogs
  8 slime creatures
  Prince Ribbit (Lair:1)
  Sigmund (D:4)
  A water elemental (Elf:1)
  A vampire (D:12)
  9 wyverns
  3 wraiths
  A dire elephant simulacrum (IceCv)
  4 humans (D:14)
  55 yaks
  3 fire elementals (D:14)
  2 hogs (D:14)
  Grum (D:8)
  11 vampire mosquitoes
  6 basilisks
  3 redbacks (Lair:5)
  A steam dragon (D:9)
  2 death yak simulacra (IceCv)
  3 nagas (Lair:3)
  5 wargs
  A harpy simulacrum (IceCv)
  3 acid dragons
  2 hydra simulacra (IceCv)
  25 water moccasins
  27 orc warriors
  3 hell hounds (D:14)
  2 swamp drakes (Lair:5)
  A sky beast (D:7)
  A black bear (D:8)
  37 ogres
  4 centaurs
  13 wolves
  5 kobold brigands
  4 elf zombies
  5 necrophages (Lair:3)
  3 gnoll sergeants
  3 scorpions
  11 bullfrogs
  5 cane toad simulacra (IceCv)
  3 elf skeletons (D:4)
  6 two-headed ogre simulacra (IceCv)
  An earth elemental (Elf:1)
  21 wights
  20 killer bees
  2 vampire bats (D:9)
  19 electric eels
  An elephant simulacrum (IceCv)
  2 howler monkeys
  A centaur zombie (Ossuary)
  4 hounds
  3 human zombies (Ossuary)
  17 orc priests
  2 human skeletons (D:4)
  2 jellies (D:5)
  21 orc wizards
  10 iguanas
  9 troll simulacra (IceCv)
  6 spriggan simulacra (IceCv)
  A polar bear simulacrum (IceCv)
  A wolf simulacrum (IceCv)
  2 hound zombies (Ossuary)
  4 mummies
  14 gnolls
  3 naga simulacra (IceCv)
  6 adders
  7 white imps (IceCv)
  6 ufetubi
  6 adder zombies (Ossuary)
  3 dart slugs
  74 orcs
  6 bats
  3 bat skeletons (D:9)
  4 bat zombies (D:9)
  8 endoplasms
  3 giant cockroaches
  A gnoll zombie (Ossuary)
  6 goblins
  3 hobgoblins (D:1)
  4 jackals (D:2)
  32 kobolds
  9 quokkas
  8 ball pythons
  5 frilled lizards
  2 goblin zombies (Ossuary)
  4 hobgoblin zombies (Ossuary)
  4 kobold zombies (Ossuary)
  An orc zombie (Ossuary)
  5 quokka zombies (Ossuary)
  6 rats
  2 rat zombies (Ossuary)
900 creatures vanquished.

Vanquished Creatures (others)
  A deep elf knight (Elf:1)
  A wizard (D:15)
  An orc wizard (Orc:2)
  An orc (Orc:2)
  36 fungi
  89 plants
129 creatures vanquished.

Grand Total: 1029 creatures vanquished

Notes
Turn   | Place    | Note
-------+----------+-------------------------------------------
     0 | D:1      | Peloso the Minotaur Fighter began the quest for the Orb.
     0 | D:1      | Reached XP level 1. HP: 19/19 MP: 0/0
   303 | D:1      | Reached XP level 2. HP: 19/27 MP: 1/1
   472 | D:1      | Found a faded altar of an unknown god.
  1171 | D:1      | Reached XP level 3. HP: 33/33 MP: 2/2
  1544 | D:2      | Identified the ring of the Traitor {Fly Str+3 Dex+4 Stlth+}
  1731 | D:2      | Reached XP level 4. HP: 30/41 MP: 3/3
  2477 | D:3      | Found an opulent altar of Gozag.
  3180 | D:3      | Found a radiant altar of Vehumet.
  3182 | D:3      | Found a sacrificial altar of Ru.
  3182 | D:3      | Found a hazy altar of Hepliaklqana.
  3184 | D:3      | Found a shimmering altar of Xom.
  3184 | D:3      | Found a blossoming altar of Fedhas.
  3184 | D:3      | Found a hazy altar of Hepliaklqana.
  3272 | D:4      | Reached skill level 4 in Shields
  3274 | D:4      | Noticed a scorpion
  3287 | D:4      | Killed a scorpion
  3288 | D:4      | Reached XP level 5. HP: 44/47 MP: 4/4
  3325 | D:4      | Reached skill level 5 in Long Blades
  3325 | D:4      | Reached skill level 5 in Armour
  3347 | D:4      | Reached skill level 1 in Dodging
  3347 | D:4      | Reached XP level 6. HP: 38/55 MP: 5/5
  3365 | D:4      | Reached skill level 5 in Fighting
  3438 | D:4      | Found a sand-covered staircase.
  3471 | Ossuary  | Entered an ossuary
  3514 | Ossuary  | Reached XP level 7. HP: 60/61 MP: 6/6
  4183 | D:4      | Noticed a yak
  4183 | D:4      | Noticed a yak
  4184 | D:4      | Noticed a yak
  4185 | D:4      | Noticed a yak
  4195 | D:4      | Killed a yak
  4196 | D:4      | Reached XP level 8. HP: 70/70 MP: 7/7
  4205 | D:4      | Reached skill level 5 in Shields
  4473 | D:4      | Noticed Sigmund
  4481 | D:4      | Killed Sigmund
  4486 | D:4      | Identified the +6 scale mail "Foureoc" {Harm rPois}
  4496 | D:4      | Reached skill level 10 in Long Blades
  5132 | D:5      | Entered Level 5 of the Dungeon
  5288 | D:5      | Found a staircase to the Ecumenical Temple.
  5309 | D:5      | Reached XP level 9. HP: 40/78 MP: 8/8
  5311 | Temple   | Entered the Ecumenical Temple
  5496 | Temple   | Became a worshipper of Warmaster Okawaru
  5756 | D:5      | Reached skill level 6 in Shields
  6962 | D:6      | Reached * piety under Okawaru
  7156 | D:6      | Reached skill level 1 in Evocations
  8094 | D:6      | You are sucked into a shaft and drop 2 floors!
  8107 | D:8      | Noticed Maggie
  8111 | D:8      | Noticed a two-headed ogre
  8114 | D:8      | Killed Maggie
  8119 | D:8      | Killed a two-headed ogre
  8119 | D:8      | Reached ** piety under Okawaru
  8120 | D:8      | Reached skill level 7 in Shields
  8120 | D:8      | Reached XP level 10. HP: 66/86 MP: 6/9
  8121 | D:8      | Noticed Grum
  8137 | D:8      | Killed Grum
  8140 | D:8      | Reached *** piety under Okawaru
  8709 | D:8      | Noticed a purple ugly thing
  8717 | D:8      | Killed a purple ugly thing
  8743 | D:8      | Reached skill level 10 in Armour
  8959 | D:8      | Reached skill level 1 in Invocations
  9388 | D:7      | Reached **** piety under Okawaru
  9398 | D:7      | Reached skill level 8 in Shields
  9514 | D:7      | Found a radiant altar of Vehumet.
  9610 | D:7      | Found Wozui's Assorted Antiques.
  9619 | D:7      | Bought an emerald potion for 22 gold pieces
  9619 | D:7      | Bought a bloodstained war axe for 212 gold pieces
  9619 | D:7      | Identified the +9 war axe of Tension {elec, *Noise rF+
                  | Str+2} (You bought it in a shop on level 7 of the Dungeon)
 10022 | D:6      | Found an ornate altar of the Wu Jian Council.
 10023 | D:6      | Found a broken altar of Ashenzari.
 10433 | D:8      | HP: 4/88 [electric eel/bolt of electricity (7)]
 11214 | D:8      | Found a snail-covered altar of Cheibriados.
 11547 | D:9      | Reached XP level 11. HP: 79/94 MP: 7/10
 12038 | D:9      | Found a sparkling altar of Nemelex Xobeh.
 12132 | D:9      | Reached skill level 9 in Shields
 12351 | D:9      | Found a stormy altar of Qazlal.
 12362 | D:9      | Found a sacrificial altar of Ru.
 12609 | D:9      | Found a basalt altar of Yredelemnul.
 12611 | D:9      | Noticed a profane servitor
 12616 | D:9      | Found a glowing golden altar of the Shining One.
 12618 | D:9      | Noticed an angel
 12776 | D:9      | Found an ancient bone altar of Kikubaaqudgha.
 13102 | D:10     | Entered Level 10 of the Dungeon
 13319 | D:10     | Noticed a two-headed ogre
 13389 | D:10     | Killed a two-headed ogre
 13556 | D:10     | Reached ***** piety under Okawaru
 13903 | D:10     | Found a staircase to the Lair.
 14599 | D:11     | Reached skill level 10 in Shields
 14663 | D:11     | Received a gift from Okawaru
 14723 | D:11     | Found a staircase to the Orcish Mines.
 15055 | D:11     | Noticed Lodul
 15578 | Lair:1   | Entered Level 1 of the Lair of Beasts
 16116 | Lair:1   | Noticed an eight-headed hydra
 16150 | Lair:1   | Killed an eight-headed hydra
 16151 | Lair:1   | Reached XP level 12. HP: 101/106 MP: 9/12
 16159 | Lair:1   | Identified the +7 chain mail of Dogmatism {+Inv rPois rF-
                  | rCorr}
 16167 | Lair:1   | Reached skill level 11 in Shields
 16186 | Lair:1   | Noticed Prince Ribbit
 16219 | Lair:1   | Killed Prince Ribbit
 16451 | Lair:1   | Received a gift from Okawaru
 16451 | Lair:1   | Found the +4 skin of Zhor {*Englaciate rC+++ SInv}
 16511 | Lair:1   | Reached skill level 10 in Fighting
 17609 | D:11     | Killed Lodul
 17977 | D:12     | Found Lelier's General Store.
 17987 | D:12     | Bought a scroll of identify for 20 gold pieces
 18009 | D:12     | Found a frozen archway.
 18017 | D:12     | Reached skill level 12 in Shields
 18030 | IceCv    | Entered an ice cave
 18043 | IceCv    | Reached skill level 1 in Stealth
 19329 | IceCv    | Noticed a reaper
 19361 | IceCv    | Killed a reaper
 20528 | D:12     | Reached skill level 13 in Shields
 20660 | D:12     | Found a glowing golden altar of the Shining One.
 20723 | D:12     | Noticed a boulder beetle
 20754 | D:12     | Killed a boulder beetle
 20754 | D:12     | Received a gift from Okawaru
 20754 | D:12     | Found the +3 Elemental Staff {rElec rF++ rC++ AC+5}
 20893 | D:12     | Reached XP level 13. HP: 85/116 MP: 14/14
 21106 | D:12     | HP: 4/116 [boulder beetle (15)]
 21663 | Lair:2   | Reached skill level 15 in Long Blades
 21864 | Orc:1    | Entered Level 1 of the Orcish Mines
 22131 | Orc:1    | Noticed an orc warlord
 22174 | Orc:1    | Killed an orc warlord
 22918 | Orc:1    | Paralysed by an orc sorcerer for 4 turns
 23005 | Orc:1    | Noticed an orc warlord
 23215 | D:11     | Killed an orc warlord
 23554 | Orc:1    | Paralysed by an orc sorcerer for 3 turns
 23563 | Orc:1    | Reached skill level 14 in Shields
 24105 | Orc:2    | Entered Level 2 of the Orcish Mines
 24105 | Orc:2    | Found Osula's Assorted Antiques.
 25011 | Orc:2    | Reached skill level 5 in Dodging
 25227 | Orc:2    | Found Gilypub's Jewellery Shoppe.
 25338 | Orc:2    | Reached skill level 15 in Shields
 25481 | Orc:2    | Received a gift from Okawaru
 25493 | Orc:2    | Reached XP level 14. HP: 61/127 MP: 13/15
 25547 | Orc:2    | Found Fosoreph's Weapon Shoppe.
 25555 | Orc:2    | Found Vupiom's Assorted Antiques.
 25967 | Orc:2    | Found Zuekke Kuby's Book Boutique.
 25967 | Orc:2    | Found Faez's Antique Armour Shoppe.
 25967 | Orc:2    | Found Fidiesh's Distillery.
 25980 | Orc:2    | Bought a potion of mutation for 88 gold pieces
 26017 | Orc:2    | Found Plog's Jewellery Shoppe.
 26021 | Orc:2    | Found a staircase to the Elven Halls.
 27352 | Lair:2   | Found a staircase to the Shoals.
 27760 | Elf:1    | Entered Level 1 of the Elven Halls
 28579 | Elf:1    | Reached skill level 16 in Shields
 28587 | Elf:1    | Identified the +3 plate armour of the Fiend {Harm Str+4
                  | Int+4} (Okawaru gifted it to you on level 1 of the Elven
                  | Halls)
 28587 | Elf:1    | Received a gift from Okawaru
 29790 | Lair:2   | Reached skill level 1 in Axes
 30868 | Lair:2   | Identified the ring "Ejego" {Ice Drain +Blink rN+ Int+3}
 30911 | Lair:2   | Identified the +1 pair of boots of Leaves {rC+}
 31355 | Lair:3   | Found a staircase to the Snake Pit.
 31585 | Lair:3   | Reached skill level 17 in Shields
 32418 | Lair:4   | Found a staircase to the Slime Pits.
 32596 | Lair:5   | Entered Level 5 of the Lair of Beasts
 32611 | Lair:5   | Received a gift from Okawaru
 32822 | Lair:5   | Reached XP level 15. HP: 123/136 MP: 16/16
 33336 | Lair:5   | Reached ****** piety under Okawaru
 33926 | Lair:5   | Reached skill level 18 in Shields
 34063 | Lair:5   | Received a gift from Okawaru
 35134 | Lair:5   | Received a gift from Okawaru
 35649 | D:13     | Found a gate to the Vaults.
 36135 | D:13     | Identified the -1 hat "Udwas" {Str+5} (Okawaru gifted it to
                  | you on level 13 of the Dungeon)
 36135 | D:13     | Received a gift from Okawaru
 36922 | D:14     | Noticed Louise
 36944 | D:14     | Killed Louise
 36945 | D:14     | Reached skill level 19 in Shields
 37065 | D:14     | Identified the +5 long sword "Arcanum" {elec, rF+ Int+7}
 37197 | D:14     | Identified the +3 spear "Daedifam" {flame, rPois rCorr
                  | Dex-5}
 37301 | D:14     | Noticed Kirke
 37315 | D:14     | Killed Kirke
 37539 | D:14     | Found a burning altar of Makhleb.
 37909 | D:14     | Noticed Azrael
 37956 | D:14     | Killed Azrael
 38293 | D:14     | Reached skill level 15 in Armour
 38471 | D:15     | Entered Level 15 of the Dungeon
 38529 | D:15     | Reached XP level 16. HP: 69/147 MP: 15/18
 39017 | D:15     | Noticed Rupert
 39035 | D:15     | Killed Rupert
 39040 | D:15     | Identified the +2 pair of gloves "Ajirgh" {rCorr Dex+5}
                  | (Okawaru gifted it to you on level 15 of the Dungeon)
 39040 | D:15     | Received a gift from Okawaru
 39189 | D:15     | Found a staircase to the Depths.
 39252 | D:15     | Found Ovuf's Jewellery Emporium.
 39276 | D:15     | Reached skill level 20 in Shields
 39378 | D:15     | Found Soxtor's Weapon Shop.
 39624 | D:15     | Found Sacossax's Book Shop.
 39632 | D:15     | Found Bofar's Jewellery Boutique.
 40150 | D:15     | Found a hide-covered altar of Uskayaw.
 42244 | Elf:1    | Reached skill level 15 in Fighting
 42699 | Elf:1    | HP: 2/149 [+6 vorpal long sword (7)]
 42700 | Elf:1    | Slain by a +6 vorpal long sword

Illustrated notes

Levels and vault maps discovered:
D:1:      dpeg_arrival_rooms_a, layout_loops_cross,
          hellmonk_ecumenical_altar_inner_sanctum
D:2:      layout_rooms
D:3:      layout_basic, mainiacjoe_overflow_24_doors, doesnt_xom_only_xom,
          kennysheep_generic_room_11
D:4:      layout_rooms, nicolae_ossuary_entry_catacombs, uniq_sigmund
D:5:      layout_basic, minmay_temple_entry_gardened_gates
D:6:      layout_cave_pods, gammafunk_temple_overflow_pools,
          amcnicky_mini_corridor_feature, serial_bayou_lake_a
D:7:      layout_rooms, nicolae_vehumet_radiance, serial_shops,
          nicolae_diamond_shop
D:8:      layout_basic, chei_slow_surprise, kennysheep_boxes, uniq_grum,
          uniq_maggie
D:9:      layout_loops_ring, grunt_temple_overflow_holy_war,
          kennysheep_vampire_church, mainiacjoe_overflow_brackets,
          amethyst_overflow_temple_binary
D:10:     layout_long_grid, david_lair_shrubbed
D:11:     layout_basic, orc_0_dummy, uniq_lodul
D:12:     layout_loops_ring, portal_ice_cave_rime, serial_shops, shop,
          moated_statue, nicolae_tso_carved_into_rock
D:13:     layout_roguey [special_room_orc], david_vaults_1,
          minmay_quadrilaterals
D:14:     layout_grid_maze, basic_altar, uniq_louise, uniq_azrael, uniq_kirke
D:15:     hangedman_depths_entry_civil_slaughter, layout_cave_pools,
          serial_shops, nicolae_shop_hallway_stairs, shop,
          nicolae_lakefront_shop, nicolae_shop_bloodbath_and_beyond,
          nicolae_uskayaw_dance_hall, minmay_beelzebubs_servants, uniq_rupert
Temple:   cyrus_temple_forest
Lair:1:   layout_hall_layers, uniq_prince_ribbit2
Lair:2:   nzn_winding_woodlands_stair_cross
          [nzn_winding_woodlands_5x15_sidewinder,
          nzn_winding_woodlands_center_pierced_h,
          nzn_winding_woodlands_5x15_parted, nzn_winding_woodlands_5x5_cross,
          nzn_winding_woodlands_5x5_checkerboard,
          nzn_winding_woodlands_5x15_pool, nzn_winding_woodlands_center_lodge,
          nzn_winding_woodlands_5x15_jagged], layout_cave_shapes,
          elwin_shoals_entry_rooms
Lair:3:   layout_misc_corridors, guppyfry_snake_entry_island,
          roderic_carrion_pond
Lair:4:   layout_hall_layers, slime_entry_1, serial_bayou_lagoon_b
Lair:5:   guppyfry_lair_end_dragon, layout_gridlike,
          hangedman_lair_tendril_chambers
Orc:1:    layout_caves
Orc:2:    st_orc_ogre_mass, layout_caves, serial_shops,
          nicolae_shop_hallway_stairs, shop, shop, shop
Elf:1:    eino_elf_arrival_customs, layout_gridlike, serial_corexii_hall,
          corexii_hall_statues_deadend, chequers_hall_statues_wall_a,
          evilmike_minifort

Skill      XL: |  1  2  3  4  5  6  7  8  9 10 11 12 13 14 15 16 |
---------------+-------------------------------------------------+-----
Armour         | 4 5 7 9 10 11 13 14 15 | 15.5
Fighting       | 4 5 6 7 8 9 11 12 13 14 15 | 15.1
Long Blades    | 3 4 5 6 8 10 11 12 14 15 16 17 | 17.3
Shields        | 4 5 7 8 10 13 15 17 19 20 | 20.6
Dodging        | 1 2 3 5 6 7 |  7.2
Evocations     | 2 3 4 |  4.2
Invocations    | 1 2 3 4 |  4.7
Stealth        | 1 3 |  3.3
Axes           | 3 |  3.6

Action                   |  1- 3 |  4- 6 |  7- 9 | 10-12 | 13-15 | 16-18 || total
-------------------------+-------+-------+-------+-------+-------+-------++-------
Melee: Long sword        |   113 |   126 |   356 |    59 |    41 |   300 ||   995
       Headbutt          |    14 |    26 |    81 |   298 |   626 |    90 ||  1135
       Falchion          |       |       |       |  1026 |  1780 |       ||  2806
       Hand axe          |       |       |       |       |    69 |       ||    69
       Scimitar          |       |       |       |       |   159 |       ||   159
Invok: Heroism           |       |       |     2 |    36 |    60 |     8 ||   106
Evoke: Wand              |       |       |    24 |     9 |     3 |    19 ||    55
  Use: Scroll            |       |     5 |     7 |     9 |    14 |       ||    35
       Potion            |       |       |     2 |     6 |     6 |     1 ||    15
 Stab: Petrified         |       |       |       |       |    13 |       ||    13
       Distracted        |       |       |       |       |     1 |       ||     1
       Petrifying        |       |       |       |       |     1 |       ||     1
Armor: Scale mail        |    36 |       |       |       |       |       ||    36
       Chain mail        |    52 |    65 |   149 |   141 |   528 |    50 ||   985
       Plate armour      |       |       |    21 |   275 |       |       ||   296
Dodge: Dodged            |    51 |    41 |   108 |   276 |   431 |    59 ||   966
Block: Buckler           |    44 |    21 |    49 |       |       |       ||   114
       Kite shield       |       |       |    87 |   514 |       |       ||   601
       Tower shield      |       |       |       |    83 |  2102 |   335 ||  2520
       Reflection        |       |       |       |       |       |    30 ||    30
